Map: Simulacrum LE

Players

TSGTYTY (TY)

  • Race: Terran Terran
  • League: Grandmaster
  • Spawn Location: 5:00

Zest - Winner!

  • Race: Protoss Protoss
  • League: Master
  • Spawn Location: 11:00

VOD

Have the link to the VOD?

Description

Time

  • Played on: Jan. 7, 2020, 10:25 p.m.
  • Length: 10:51
Show
View Real Time Build Order
Export as new Build Order

TSGTYTY Terran 

Build Orders:  

Get SALT Encoding   

  12  0:01  SCV  
  13  0:13  SCV  
  14  0:17  Supply Depot  
  14  0:26  SCV  
  15  0:30  Refinery  
  15  0:39  SCV  
  16  0:44  Barracks  
  16  0:51  SCV  
  17  1:03  SCV  
  18  1:15  SCV  
  20  1:34  Reaper, Orbital Command  
  20  1:47  Command Center  
  20  1:59  Factory  
  20  2:03  SCV  
  20  2:07  Barracks Reactor  
  21  2:13  Supply Depot  
  21  2:16  SCV  
  21  2:22  Refinery  
  22  2:28  SCV  
  23  2:40  SCV  
  23  2:44  Starport  
  24  2:48  Hellion  
  24  2:49  Hellion  
  28  2:52  SCV  
  29  3:00  Orbital Command  
  29  3:05  Orbital Command  
  29  3:11  Widow Mine x2  
  32  3:18  SCV  
  33  3:23  Medivac  
  35  3:30  SCV  
  35  3:31  SCV  
  37  3:39  Widow Mine x2  
  40  3:42  SCV  
  40  3:43  SCV  
  40  3:54  SCV, Orbital Command  
  41  3:55  SCV  
  38  4:14  Viking  
  38  4:17  SCV  
  37  4:25  SCV  
  37  4:27  Marine x2  
  37  4:28  Factory Tech Lab  
  37  4:30  SCV  
  41  4:38  SCV  
  42  4:40  Supply Depot  
  42  4:42  SCV  
  42  4:44  Liberator  
  42  4:45  Supply Depot  
  45  4:50  Siege Tank  
  46  4:55  Supply Depot  
  46  5:01  Marine x2  
  46  5:02  SCV  
  46  5:03  SCV  
  53  5:07  Supply Depot  
  54  5:14  SCV, Supply Depot  
  54  5:15  SCV  
  54  5:19  Marine x2  
  57  5:25  Siege Tank  
  57  5:26  SCV  
  57  5:27  SCV  
  62  5:34  Supply Depot  
  62  5:37  Marine x2  
  62  5:38  SCV  
  62  5:39  SCV  
  66  5:48  Starport Tech Lab, Command Center  
  66  5:50  SCV  
  66  5:55  Marine x2  
  66  5:56  SCV  
  70  5:58  Supply Depot  
  70  6:00  Siege Tank  
  70  6:03  SCV  
  74  6:08  SCV  
  75  6:14  Marine x2  
  75  6:15  SCV  
  78  6:20  SCV  
  81  6:28  SCV, Barracks  
  81  6:29  Barracks  
  81  6:32  SCV  
  85  6:37  Siege Tank  
  82  6:40  SCV  
  82  6:44  SCV  
  82  6:45  Refinery  
  82  6:46  Refinery, Engineering Bay  
  75  6:47  Engineering Bay  
  75  6:51  Marine  
  75  6:52  SCV, Stimpack  
  75  6:53  Starport Reactor  
  75  6:56  SCV  
  75  7:00  Orbital Command  
  76  7:04  SCV  
  77  7:08  SCV  
  77  7:09  Marine  
  79  7:16  SCV  
  79  7:18  Terran Infantry Weapons Level 1  
  79  7:19  Factory Reactor, Missile Turret  
  79  7:22  SCV  
  81  7:24  Orbital Command  
  81  7:27  Marine  
  81  7:29  SCV  
  82  7:30  Marine x2, Medivac  
  82  7:31  Marine  
  82  7:34  Medivac  
  88  7:37  Factory Tech Lab  
  88  7:45  SCV x2, Marine  
  88  7:48  Marine x2  
  88  7:51  Supply Depot  
  93  7:53  Marine  
  93  7:57  SCV x3  
  90  7:58  Siege Tank  
  90  8:01  Barracks  
  90  8:02  Barracks  
  91  8:08  Marine x2  
  91  8:09  SCV x3, Combat Shield  
  93  8:13  Refinery  
  93  8:15  Marine x2, Refinery  
  94  8:21  SCV x3  
  94  8:23  Supply Depot  
  94  8:24  Missile Turret  
  94  8:25  Missile Turret  
  97  8:28  Marine x2  
  97  8:29  Armory  
  97  8:34  Siege Tank  
  102  8:35  SCV x2  
  102  8:36  SCV  
  102  8:38  Marine x2  
  107  8:46  Marine x2  
  107  8:47  SCV x2  
  107  8:48  Missile Turret  
  111  8:49  Barracks Reactor, Barracks Tech Lab  
  111  8:51  SCV  
  111  8:54  Medivac x2  
  116  8:56  Marine x2  
  116  8:59  SCV x2  
  119  9:03  SCV  
  119  9:06  Marine x2  
  119  9:07  Siege Tank  
  119  9:09  Marine  
  125  9:14  Marine x2  
  123  9:20  Command Center  
  121  9:24  Marine x2  
  121  9:27  Marine x2, Concussive Shells  
  126  9:33  SCV  
  126  9:37  Factory  
  126  9:40  Marauder x2  
  126  9:41  Factory  
  129  9:45  Supply Depot  
  129  9:47  Supply Depot  
  129  9:49  Marine x3  
  129  9:50  Ghost Academy  
  132  9:57  Supply Depot  
  132  10:01  Marine  
  132  10:05  Sensor Tower, Missile Turret  
  133  10:07  Marine, Siege Tank  
  133  10:11  Marine x3  
  133  10:13  SCV x3  
  139  10:23  Marine x3  
  139  10:25  Marine, Factory Tech Lab x2  
  127  10:30  Marine x3  
Show
View Real Time Build Order
Export as new Build Order

Zest Protoss - Winner!

Build Orders: 1 Gate Expand, Oracle Opening 

Get SALT Encoding   

  12  0:00  Probe  
  13  0:12  Probe  
  14  0:17  Pylon  
  14  0:25  Probe (Chrono Boost)  
  16  0:36  Gateway  
  16  0:37  Probe (Chrono Boost)  
  16  0:43  Probe (Chrono Boost)  
  16  0:46  Assimilator  
  17  0:51  Probe  
  18  1:03  Probe  
  19  1:15  Probe  
  20  1:23  Cybernetics Core  
  20  1:32  Nexus  
  20  1:35  Probe  
  21  1:42  Pylon  
  21  1:47  Probe  
  21  1:50  Assimilator  
  22  1:58  Adept (Chrono Boost)  
  22  1:59  Probe  
  25  2:09  Pylon  
  25  2:11  Probe  
  26  2:23  Adept  
  26  2:27  Stargate  
  26  2:29  Probe  
  29  2:38  Warp Gate  
  29  2:41  Probe  
  30  2:47  Probe  
  31  2:53  Probe  
  31  2:55  Adept (Chrono Boost)  
  34  3:02  Probe  
  35  3:10  Oracle (Chrono Boost)  
  35  3:11  Probe  
  39  3:22  Adept (Chrono Boost)  
  41  3:30  Probe x2  
  41  3:31  Shield Battery  
  41  3:34  Pylon  
  43  3:37  Oracle (Chrono Boost)  
  46  3:43  Probe x2  
  46  3:55  Probe x2  
  48  4:07  Probe x2  
  48  4:09  Phoenix (Chrono Boost)  
  52  4:18  Shield Battery  
  52  4:19  Probe x2  
  52  4:21  Gateway x2  
  52  4:23  Pylon  
  54  4:26  Phoenix (Chrono Boost)  
  56  4:31  Probe  
  56  4:34  Pylon  
  57  4:40  Nexus  
  57  4:46  Phoenix (Chrono Boost)  
  57  4:50  Probe x2  
  61  4:53  Assimilator  
  61  4:57  Assimilator  
  61  5:02  Probe x2  
  63  5:08  Pylon  
  63  5:14  Stalker  
  63  5:15  Stalker x2  
  63  5:19  Pylon  
  63  5:20  Probe x2  
  71  5:27  Pylon  
  71  5:32  Probe (Chrono Boost), Robotics Facility  
  71  5:33  Probe (Chrono Boost)  
  75  5:43  Probe x2 (Chrono Boost)  
  75  5:45  Sentry  
  75  5:47  Probe (Chrono Boost)  
  75  5:48  Probe (Chrono Boost)  
  75  5:49  Pylon  
  79  5:58  Probe, Stalker x2  
  79  6:00  Pylon  
  84  6:07  Forge, Twilight Council  
  84  6:14  Probe x2  
  84  6:15  Probe  
  87  6:26  Probe  
  87  6:27  Probe  
  87  6:28  Stalker x3  
  87  6:31  Probe (Chrono Boost)  
  92  6:36  Blink  
  92  6:39  Probe (Chrono Boost)  
  91  6:42  Protoss Ground Weapons Level 1 (Chrono Boost)  
  91  6:43  Probe x2 (Chrono Boost)  
  92  6:50  Probe (Chrono Boost)  
  92  6:52  Gateway  
  92  6:53  Probe (Chrono Boost)  
  92  6:54  Gateway  
  95  6:55  Probe x2 (Chrono Boost)  
  95  6:58  Probe (Chrono Boost)  
  97  7:02  Photon Cannon  
  97  7:03  Probe  
  97  7:04  Probe  
  99  7:09  Probe, Pylon  
  99  7:15  Probe  
  101  7:16  Probe, Assimilator  
  101  7:17  Robotics Facility  
  101  7:18  Assimilator, Robotics Bay  
  101  7:19  Observer (Chrono Boost)  
  101  7:21  Probe  
  104  7:27  Probe  
  105  7:32  Pylon  
  105  7:38  Gateway, Immortal (Chrono Boost)  
  105  7:39  Gateway  
  106  8:01  Probe x2  
  106  8:04  Colossus (Chrono Boost)  
  108  8:08  Probe, Extended Thermal Lance  
  108  8:11  Stalker x4  
  129  8:14  Pylon  
  129  8:16  Pylon, Colossus (Chrono Boost)  
  129  8:18  Pylon  
  129  8:21  Pylon  
  129  8:24  Gateway  
  129  8:27  Gateway, Pylon  
  129  8:30  Pylon  
  129  8:31  Pylon  
  129  8:33  Photon Cannon, Protoss Ground Armor Level 1 (Chrono Boost)  
  129  8:39  Charge  
  129  8:46  Gateway  
  129  8:48  Dark Shrine  
  129  9:00  Colossus (Chrono Boost)  
  135  9:03  Pylon  
  135  9:07  Warp Prism (Chrono Boost)  
  135  9:08  Nexus  
  131  9:27  Zealot x8  
  147  9:37  Pylon  
  147  9:43  Observer  
  147  9:56  Disruptor (Chrono Boost)  
  147  9:57  Zealot x6  
  147  9:58  Zealot x3  
  171  10:06  Disruptor (Chrono Boost)  
  171  10:20  Zealot  
  148  10:30  Zealot x8  
Tags
 
Add a new tag
Caveats
  • Supply blocks, unpowered buildings, or Contaminate may cause inaccurate times.
  • Supply counts are checked every 10 seconds.